 Dungeon Crawl Stone Soup version 0.17-a0-1510-gb3fb22e (webtiles) character file.

23 Geomchi the Poker (level 3, -1/29 HPs)
             Began as a Merfolk Abyssal Knight on July 11, 2015.
             Was a Follower of Lugonu.
             Slain by Sigmund
             ... wielding a +0 scythe
              (4 damage)
             ... on level 1 of the Dungeon.
             The game lasted 00:01:45 (1144 turns).

Geomchi the Poker (Merfolk Abyssal Knight)          Turns: 1144, Time: 00:01:45

Health: -1/29      AC:  6    Str: 12    XL:     3   Next: 0%
Magic:  4/4        EV: 15    Int: 11    God:    Lugonu [*.....]
Gold:   28         SH:  0    Dex: 19    Spells: 0 memorised, 2 levels left

rFire  . . .     SeeInvis .     a - +1 spear
rCold  . . .     Clarity  .     l - +0 scale mail
rNeg   . . .     SustAt   .     (no shield)
rPois  .         Gourm    .     (no helmet)
rElec  .         Spirit   .     (no cloak)
rCorr  .         Warding  .     (no gloves)
rMut   .         Stasis   .     (no boots)
MR     .....                    (no amulet)
Stlth  +.........               (no ring)
                                (no ring)

@: agile, not resistant to hostile enchantments, very unstealthy
A: change form in water, swift swim
a: Depart the Abyss, Renounce Religion


You were on level 1 of the Dungeon.
You worshipped Lugonu.
Lugonu was aware of your devotion.
You were hungry.

You visited 1 branch of the dungeon, and saw 2 of its levels.
You visited the Abyss 1 time.

You collected 28 gold pieces.

Inventory:

Hand weapons
 a - a +1 spear (weapon)
Armour
 l - a +0 scale mail (worn)
Jewellery
 h - an uncursed amulet of regeneration {unknown}
Scrolls
 b - a scroll of blinking {unknown}
 d - a scroll of amnesia {unknown}
 f - a scroll of random uselessness {unknown}
 i - a scroll of magic mapping {unknown}
 j - a scroll of identify {unknown}
 k - a scroll of remove curse {unknown}
Comestibles
 c - a bread ration {@e1}


   Skills:
 - Level 3.2 Fighting
 + Level 4.9 Polearms
 - Level 0.6 Armour
 - Level 2.6 Dodging
 - Level 2.0 Invocations


You had 2 spell levels left.
You didn't know any spells.

Dungeon Overview and Level Annotations

Branches:
Dungeon (2/15)

Altars:

Annotations:
D:1 Sigmund
D:2 Natasha


Message History

You're too confused to move!
Sigmund gestures at you while chanting. The puff of flame hits you!
You take 8 damage, and have 21/29 hp.
MASSIVE DAMAGE!!
Sigmund closely misses you.
You bump into the rock wall.
Sigmund hits you from afar with a scythe!
You take 11 damage, and have 10/29 hp.
MASSIVE DAMAGE!!
You feel less confused. Sigmund misses you. Sigmund casts a spell at you.
You resist with significant effort.
There is a stone staircase leading down here.
You barely miss Sigmund. Sigmund hits you with a scythe!
* * * LOW HITPOINT WARNING * * *
You take 7 damage, and have 3/29 hp.
MASSIVE DAMAGE!!
You aren't carrying any potions.
You hit Sigmund. You hit Sigmund but do no damage.
Sigmund hits you with a scythe.
You die...

##.#..###.###.########(### ##
###..# #.# #............# # #..#
#.# ##########.#.# ##### #..#
#.############.#.# #.... #####..#
#.##...........#.# #.###
.......###.##.########..#.# #.#
...##..##..##.# #..#.# #.#
....#..##.###.########..#.# #.#
....#..##.# #.#.@@......#.# #.#
.......##.###.#.######.##.# #.#
................######.##.###.###
..............####...............
......###.##### #.####..####.###
......###.# #.# #..# #.# #
##.....##.# #.# #..# #.###
..........# #.# #..# #....
.......#### #.# #.[# ####.


You could see Sigmund.

Vanquished Creatures
  5 goblins (D:1)
  3 hobgoblins (D:1)
  3 jackals (D:1)
  6 bats (D:1)
  4 rats (D:1)
21 creatures vanquished.

Notes
Turn   | Place    | Note
--------------------------------------------------------------
     0 | Abyss:1  | Geomchi the Merfolk Abyssal Knight began the quest for the Orb.
     0 | Abyss:1  | Reached XP level 1. HP: 18/18 MP: 2/2
     0 | D:1      | Escaped the Abyss
    89 | D:1      | Acquired Lugonu's first power
    92 | D:1      | Reached skill level 4 in Polearms
    92 | D:1      | Reached XP level 2. HP: 24/24 MP: 3/3
   850 | D:1      | Reached XP level 3. HP: 14/29 MP: 4/4
  1124 | D:2      | Noticed Sigmund
  1126 | D:2      | Noticed Natasha
  1144 | D:1      | Slain by Sigmund

Vault maps used:
D:1:      dpeg_arrival_oval
D:2:      minitemple, uniq_sigmund, uniq_natasha

Action                   || total
-------------------------++-------
Melee: Spear             ||    93
Invok: Depart the Abyss  ||     1
  Use: Potion            ||     1
 Stab: Sleeping          ||     1
